 Dungeon Crawl Stone Soup version 0.20.1-1-g8b1a95d (webtiles) character file.

31 Lanoc the Caller (level 3, 0/19 HPs)
             Began as a Tengu Summoner on Nov 24, 2017.
             Shot with an arrow by a centaur (4 damage)
             ... on level 3 of the Dungeon.
             The game lasted 00:12:34 (2027 turns).

Lanoc the Caller (Tengu Summoner)                   Turns: 2027, Time: 00:12:35

Health: 0/19       AC:  2    Str:  8    XL:     3   Next: 22%
Magic:  4/7        EV: 12    Int: 16    God:
Gold:   108        SH:  0    Dex: 14    Spells: 3/7 levels left

rFire    . . .     SeeInvis .   (no weapon)
rCold    + . .     Gourm    .   (no shield)
rNeg     . . .     Faith    .   a - +0 robe
rPois    .         Spirit   .   (helmet restricted)
rElec    .         Reflect  .   (no cloak)
rCorr    .         Harm     .   (no gloves)
MR       +....                  (boots unavailable)
Stlth    ++........             (no amulet)
Regen    0.1/turn               e - ring of protection from magic
MPRegen  0.1/turn               r - ring of protection from cold

@: no status effects
A: beak, talons 3
a: no special abilities


You were on level 3 of the Dungeon.
You were not hungry.

You visited 1 branch of the dungeon, and saw 3 of its levels.

You collected 108 gold pieces.

Inventory:

Missiles
 i - 3 tomahawks (quivered)
Armour
 a - a +0 robe (worn)
 w - a cursed +0 ring mail
Jewellery
 e - a ring of protection from magic (left hand)
 r - a ring of protection from cold (right hand)
 u - an uncursed ring of fire
Scrolls
 d - 2 scrolls of remove curse {unknown}
 f - 2 scrolls of teleportation {unknown}
 g - a scroll of magic mapping {unknown}
 j - a scroll of fear {unknown}
 l - 5 scrolls of identify {unknown}
 n - 2 scrolls of amnesia {unknown}
 o - a scroll of blinking {unknown}
 q - a scroll of noise {unknown}
Potions
 h - a potion of flight {unknown}
 p - 2 potions of haste {unknown}
 t - a potion of curing {unknown}
 v - a potion of mutation {unknown}
 x - a potion of heal wounds {unknown}
Books
 b - a book of Callings

   Spells                             Type                      Level
   a - Summon Small Mammal            Summoning                    1
   b - Call Imp                       Summoning                    2
   c - Call Canine Familiar           Summoning                    3
   d - Summon Guardian Golem          Hexes/Summoning              3
   e - Summon Lightning Spire         Summoning/Air                4
   f - Summon Ice Beast               Ice/Summoning                4
Comestibles
 c - a bread ration
 k - 3 royal jellies
 s - a meat ration


   Skills:
 + Level 2.2 Dodging
 + Level 2.0 Stealth
 + Level 2.6 Spellcasting
 + Level 5.4 Summonings


You had 3 spell levels left.
You knew the following spells:

 Your Spells              Type           Power        Failure   Level  Hunger
a - Summon Small Mammal   Summ           ###.         1%          1    #......
b - Call Canine Familiar  Summ           ###.....     6%          3    ###....


Dungeon Overview and Level Annotations

Branches:
Dungeon (3/15)

Altars:


Innate Abilities, Weirdness & Mutations

You have a beak for a mouth.
You have claws for feet.


Message History

You now have 108 gold pieces (gained 14).
You see here a dagger.
Done exploring.
You see here a dagger.
There is a stone staircase leading down here.
You climb downwards.
A centaur comes into view.
Found five items.
There is a stone staircase leading up here.
A goblin comes into view.
The centaur wields a shortbow.
The centaur shoots an arrow.
The arrow hits you.
Found a red potion.
Found a stone staircase leading down.
You see here an arrow.
The centaur shoots an arrow.
The arrow hits you!
Ouch! That really hurt!
* * * LOW HITPOINT WARNING * * *
Casting: Call Canine Familiar
Confirm with . or Enter, or press ? or * to list all spells.
The centaur shoots an arrow.
The arrow hits you.
You die...

#.......####
>!...#....
c......)#
#..g....#
#.......###.
#h.........
#........#
#..@.....#
#?.(..(..#
####<.##...
#..# # #....
)..### .#$#
.. .# .# ##


You could see a centaur, a goblin and a friendly hound.

Vanquished Creatures
  A rat (D:1)
1 creature vanquished.

Vanquished Creatures (collateral kills)
  An adder (D:2)
  2 worms (D:2)
  A leopard gecko (D:1)
  A giant cockroach (D:2)
  3 goblins
  6 hobgoblins
  A quokka (D:2)
  4 bats
  6 frilled lizards (D:1)
  4 kobolds (D:1)
  4 rats
33 creatures vanquished.

Grand Total: 34 creatures vanquished

Notes
Turn   | Place    | Note
-------+----------+-------------------------------------------
     0 | D:1      | Lanoc the Tengu Summoner began the quest for the Orb.
     0 | D:1      | Reached XP level 1. HP: 10/10 MP: 4/4
   298 | D:1      | Reached skill level 5 in Summonings
   425 | D:1      | Reached XP level 2. HP: 14/15 MP: 0/6
  1207 | D:2      | Reached XP level 3. HP: 13/19 MP: 0/7
  1509 | D:2      | Learned a level 3 spell: Call Canine Familiar
  2024 | D:3      | Noticed a centaur
  2027 | D:3      | Shot with an arrow by a centaur

Skill      XL: |  1 |
---------------+----+-----
Summonings     | 5 |  5.4
Dodging        | |  2.2
Stealth        | |  2.0
Spellcasting   | |  2.6

Action                   || total
-------------------------++-------
Melee: Unarmed           ||     5
       Kick              ||     2
 Cast: Summon Small Mamm ||    96
       Call Canine Famil ||     3
 Stab: Sleeping          ||     1
  Eat: Chunk             ||     5
Armor: Robe              ||     9
Dodge: Dodged            ||    23
